 Dungeon Crawl Stone Soup version 0.17-a0-483-g810ce3f (webtiles) character file.

485 Fiveotanaka the Poker (level 6, -3/52 HPs)
             Began as a Demigod Wanderer on Apr 8, 2015.
             Slain by a white imp (5 damage)
             ... summoned by Eustachio
             ... on level 4 of the Dungeon.
             The game lasted 00:14:54 (5260 turns).

Fiveotanaka the Poker (Demigod Wanderer)            Turns: 5260, Time: 00:14:55

Health: -3/52      AC:  9    Str: 15    XL:     6   Next: 57%
Magic:  10/10      EV: 10    Int: 18    God:
Gold:   230        SH:  0    Dex: 17    Spells: 0 memorised, 7 levels left

rFire  . . .     SeeInvis .     d - +0 spear
rCold  . . .     Clarity  .     i - +0 ring mail
rNeg   . . .     SustAb   +     (no shield)
rPois  .         Gourm    .     y - +2 helmet
rElec  .         Spirit   .     D - +0 cloak
rCorr  .         Warding  .     (no gloves)
rMut   .         Stasis   .     (no boots)
MR     +....                    (no amulet)
Stlth  +.........               (no ring)
                                h - ring of protection from magic

@: heavily drained, somewhat resistant to hostile enchantments, very unstealthy
A: high mp 1, sustain abilities
a: no special abilities


You were on level 4 of the Dungeon.
You were not hungry.

You visited 1 branch of the dungeon, and saw 4 of its levels.

You collected 230 gold pieces.

Inventory:

Hand weapons
 a - a +2 dagger
 d - a +0 spear (weapon)
 C - a +0 scythe
Missiles
 j - 37 stones (quivered)
 r - 14 poisoned needles
Armour
 e - a +0 robe
 i - a +0 ring mail (worn)
 y - a +2 helmet (worn)
 D - a +0 cloak (worn)
Jewellery
 h - a ring of protection from magic (left hand)
Magical devices
 u - a wand of magic darts (6)
Scrolls
 c - 2 scrolls of teleportation
 g - a scroll of random uselessness {unknown}
 k - a scroll of identify
 m - 2 scrolls of fog
 o - 4 scrolls of remove curse
 p - a scroll of recharging {unknown}
 q - 2 scrolls of amnesia
 v - a scroll of enchant weapon {unknown}
 z - a scroll of fear {unknown}
 B - a scroll of blinking {unknown}
Potions
 b - a potion of heal wounds
 t - a potion of poison {unknown}
 w - 2 potions of lignification
 x - a potion of curing {unknown}
 A - a potion of agility
Comestibles
 f - 5 bread rations
 l - 2 beef jerkies
 n - 3 meat rations
 s - 4 fruits


   Skills:
 - Level 3.7(1.3) Fighting
 + Level 6.4(3.8) Polearms
 - Level 1.0(0.0) Dodging
 - Level 1.0(0.0) Stealth
 - Level 1.0(0.0) Spellcasting
   Level 1.0(0.0) Earth Magic
   Level 1.0(0.0) Poison Magic
 - Level 1.0(0.0) Evocations


You had 7 spell levels left.
You didn't know any spells.

Dungeon Overview and Level Annotations

Branches:
Dungeon (4/15)
 Temple: D:4-7

Annotations:
D:4 Eustachio, Pikel


Innate Abilities, Weirdness & Mutations

You have an increased reservoir of magic (+10% MP).
Your attributes are resistant to harm.


Message History

Evoking this partially-identified wand wasted a few charges.
The rat barely misses you. The river rat misses you.
The white imp barely misses you. Eustachio barely misses you.
The white imp gestures at you. The puff of frost hits you!
* * * LOW HITPOINT WARNING * * *
The white imp hits you but does no damage.
The rat bites you but does no damage.
Evoke which item? (* to show all) (? for menu, Esc to quit)
Zapping:
u - a wand of magic darts {zapped: 14} (will waste charges)
Press: ? - help, Shift-Dir - straight line, f/p - Eustachio
Aim: Eustachio, wielding a rapier of draining and wearing a leather armour (almost dead)
The magic dart hits Eustachio.
Eustachio is almost dead.
Evoking this partially-identified wand wasted a few charges.
The rat bites you but does no damage. The river rat closely misses you.
The white imp misses you. The white imp hits you.
* * * LOW HITPOINT WARNING * * *
The white imp freezes you.
You die...

♣.♣♣♣#####
#.......#...........## ♣♣♣
#.#####.#.########...#
#.##......# ##.#.#. #####
#.##.##.### #.##.## #...#
#.[.....# #.##... #...#
####.#### #.##### #.[.#
##.......# ##.###. #...#
#....r55.# ##...#
###...#####..###@rb# ..
#####
.............##r@5.###.....
####
........).......#......>...
#...
.............#.....###.....
#... ###...#####........#
.. #... #...# #####.####
#... #...# #.###### #...
#...# #......# ###. ###...#
#.####.# ########(


You could see Eustachio, a river rat, 3 white imps, a bat and 2 rats.

Vanquished Creatures
  Sigmund (D:4)
  A slave (D:4)
  A scorpion (D:4)
  An iguana (D:4)
  Crazy Yiuf (D:4)
  A worker ant (D:4)
  Terence (D:2)
  4 gnolls
  2 adders
  3 worms
  An adder zombie (D:4)
  5 giant geckos
  2 oozes
  4 orcs (D:4)
  3 giant cockroaches
  10 hobgoblins
  9 jackals
  A quokka (D:3)
  2 ball pythons (D:1)
  9 bats
  5 giant newts (D:1)
  8 goblins
  9 kobolds
  2 rats
86 creatures vanquished.

Notes
Turn   | Place    | Note
--------------------------------------------------------------
     0 | D:1      | Fiveotanaka, the Demigod Wanderer, began the quest for the Orb.
     0 | D:1      | Fiveotanaka set off with: a +2 dagger, a potion of heal wounds, a scroll of teleportation, a +0 spear, a +0 robe, a bread ration
     0 | D:1      | Reached XP level 1. HP: 19/19 MP: 4/4
   260 | D:1      | Reached skill level 1 in Polearms
   466 | D:1      | Reached XP level 2. HP: 24/27 MP: 5/5
  1132 | D:1      | Reached XP level 3. HP: 31/33 MP: 6/6
  2344 | D:2      | Noticed Terence
  2357 | D:2      | Killed Terence
  2357 | D:2      | Reached XP level 4. HP: 31/40 MP: 8/8
  2939 | D:3      | Found a sacrificial altar of Ru.
  3075 | D:3      | Reached skill level 4 in Polearms
  3649 | D:4      | Reached XP level 5. HP: 29/46 MP: 9/9
  3900 | D:3      | Reached skill level 5 in Polearms
  4249 | D:4      | Noticed Sigmund
  4275 | D:4      | Killed Sigmund
  4275 | D:4      | Reached skill level 6 in Polearms
  4275 | D:4      | Reached XP level 6. HP: 35/52 MP: 10/10
  4395 | D:4      | Noticed a slave
  4449 | D:4      | Killed a slave
  4615 | D:4      | Noticed Crazy Yiuf
  4630 | D:4      | Killed Crazy Yiuf
  4741 | D:4      | Noticed a slave
  4742 | D:4      | Noticed Pikel
  5232 | D:4      | Noticed Eustachio
  5260 | D:4      | HP: 2/52 [white imp[Eustachio] (4)]
  5260 | D:4      | Slain by a white imp

Action                   |  1- 3 |  4- 6 || total
-------------------------+-------+-------++-------
Melee: Spear             |   242 |   360 ||   602
Throw: Stone             |       |     7 ||     7
Evoke: Wand              |       |     7 ||     7
  Use: Scroll            |       |     4 ||     4
       Potion            |       |     4 ||     4
 Stab: Invisible         |       |     1 ||     1
  Eat: Chunk             |     5 |     8 ||    13
       Beef jerky        |       |     1 ||     1
